 Dungeon Crawl Stone Soup version 0.30-a0-368-g86fb4627a9 (webtiles) character file.

Game seed: 13433224474777331324

331 bande the Covered (level 6, -1/38 HPs)
             Began as a Gargoyle Fighter on Nov 20, 2022.
             Slain by an ufetubus (4 damage)
             ... on level 4 of the Dungeon.
             The game lasted 00:06:35 (3633 turns).

bande the Covered (Gargoyle Fighter)                Turns: 3633, Time: 00:06:36

Health: -1/38      AC:  5    Str: 19    XL:     6   Next: 51%
Magic:  6/6        EV:  7    Int:  9    God:
Gold:   176        SH:  4    Dex: 11    Spells: 4/5 levels left

rFire   . . .      SeeInvis .    a - +1 war axe
rCold   . . .      Faith    .    c - +0 buckler
rNeg    + . .      Spirit   .    k - +0 chain mail
rPois   ∞          Reflect  .    r - +0 helmet
rElec   +          Harm     .    (no cloak)
rCorr   .          Rampage  .    s - +1 pair of gloves
Will    .....                    (no boots)
Stlth   ..........               (no amulet)
HPRegen 0.26/turn                (no ring)
MPRegen 0.10/turn                (no ring)

@: corroded
A: sickness immunity, AC +4, negative energy resistance 1, electricity
resistance, torment resistance 1, petrification resistance
a: no special abilities


You were on level 4 of the Dungeon.
You visited 1 branch of the dungeon, and saw 5 of its levels.

You collected 176 gold pieces.

Inventory:

Hand Weapons
 a - a +1 war axe (weapon)
 j - a +2 vorpal flail
Armour
 c - a +0 buckler (worn)
 k - a +0 chain mail (worn)
 r - a +0 helmet (worn)
 s - a +1 pair of gloves (worn)
Jewellery
 l - a ring of flight
Scrolls
 e - a scroll of teleportation
 g - a scroll of fear {unknown}
Potions
 b - a potion of ambrosia
 d - a potion of might
 f - 2 potions of curing
 h - a potion of lignification {unknown}
 i - 2 potions of magic
 o - a potion of haste {unknown}
 p - a potion of berserk rage {unknown}
 q - 2 potions of flight {unknown}


   Skills:
 + Level 4.0 Fighting
 + Level 3.9 Axes
 + Level 5.1 Armour
 + Level 3.8 Shields
 * Level 1.7 Translocations


You had 4 spell levels left.
You knew the following spells:

 Your Spells              Type           Power      Damage    Failure   Level
a - Apportation           Tloc           6%         N/A       95%         1

Your spell library contained the following spells:

 Spells                   Type           Power      Damage    Failure   Level
 Necrotise                Necr           0%         1d4       99%         1
 Summon Small Mammal      Summ           0%         N/A       99%         1
 Gell's Gravitas          Tloc           3%         N/A       100%        3
 Lesser Beckoning         Tloc           6%         N/A       100%        3
 Teleport Other           Tloc           3%         N/A       100%        3


Dungeon Overview and Level Annotations

Branches:
Dungeon (5/15)
 Temple: D:4-7

Altars:
Ashenzari
Elyvilon
Kikubaaqudgha
Trog

Shops:
D:3 [

Annotations:
D:5 Sigmund


Innate Abilities, Weirdness & Mutations

You are immune to sickness and miasma.
Your stone body is resilient. (AC +4)
You are immune to poison.
You resist negative energy. (rN+)
You are resistant to electric shocks. (rElec)
You are resistant to unholy torment.
You are immune to petrification.


Message History

The jelly hits you but does no damage.
The ufetubus hits you but does no damage. x2
You hit the jelly. The acid corrodes you!
Your hands burn!
The jelly is moderately wounded.
You hit the ufetubus.
The ufetubus hits you but does no damage. x2
The jelly hits you. The acid corrodes you!
You are splashed with acid!
Unknown command.
You hit the jelly but do no damage.
Your hands burn!
The jelly is moderately wounded.
You hit the ufetubus but do no damage. The ufetubus barely misses you.
The ufetubus hits you.
The ufetubus hits you but does no damage. x2
You block the jelly's attack.
The ufetubus hits you but does no damage. x2
You hit the jelly. The acid corrodes you!
Your hands burn!
The jelly is heavily wounded.
You hit the ufetubus but do no damage. The jelly closely misses you.
The ufetubus hits you but does no damage. x2
The jelly hits you.
You are splashed with acid!
* * * LOW HITPOINT WARNING * * *
You block the ufetubus's attack.
The ufetubus hits you but does no damage.
You barely miss the jelly.
The jelly is heavily wounded.
You closely miss the ufetubus. The ufetubus closely misses you.
The ufetubus hits you.
* * * LOW HITPOINT WARNING * * *
The jelly hits you but does no damage. You block the ufetubus's attack.
The ufetubus hits you but does no damage.
You barely miss the jelly.
The jelly is heavily wounded.
You closely miss the ufetubus.
The ufetubus hits you but does no damage.
The ufetubus hits you.
* * * LOW HITPOINT WARNING * * *
You block the jelly's attack. The ufetubus hits you.
* * * LOW HITPOINT WARNING * * *
The ufetubus hits you.
You die...

........###.## #. ...######
#.# ##. ##..# #.# ### #..
##<# #.# #.# #.# #.#######.#
#.### #.# #.....#...# #...#
#.# #####...#######...####
#####.#
#.........5#.....####.....#
###.########@J..##..##.......
##...# ###..###..........
##..### #..# ##.........
#..## #..# ##..)..... #.##
#..# #..))!... ###.# #..###
#..)..... #...#
##...###........ #.###
#.#.##......... #.#
#.#.#.>.......#


You could see a jelly and an ufetubus.

Vanquished Creatures
  A black bear (D:4)
  3 hounds (D:4)
  2 adders
  A worm (D:2)
  2 dart slugs
  An orc (D:4)
  7 endoplasms
  4 giant cockroaches
  3 goblins (D:1)
  7 hobgoblins
  6 jackals (D:1)
  A quokka (D:1)
  8 ball pythons
  3 bats
  8 frilled lizards
  8 kobolds
  3 rats
  A spectral hobgoblin (D:2)
69 creatures vanquished.

Vanquished Creatures (collateral kills)
  An orc priest (D:4)
  An orc wizard (D:4)
  2 orcs (D:4)
4 creatures vanquished.

Vanquished Creatures (others)
  7 plants (D:2)
7 creatures vanquished.

Grand Total: 80 creatures vanquished

Notes
Turn   | Place    | Note
-------+----------+-------------------------------------------
     0 | D:1      | bande the Gargoyle Fighter began the quest for the Orb.
     0 | D:1      | Reached XP level 1. HP: 14/14 MP: 1/1
   296 | D:1      | Reached XP level 2. HP: 19/19 MP: 2/2
   607 | D:1      | Reached XP level 3. HP: 10/23 MP: 3/3
  1156 | D:2      | Learned a level 1 spell: Apportation
  1342 | D:2      | Reached XP level 4. HP: 29/29 MP: 4/4
  1414 | D:2      | You fall into a shaft and drop 2 floors!
  1441 | D:3      | Reached skill level 4 in Armour
  1664 | D:3      | Found a bloodstained altar of Trog.
  1703 | D:3      | Found Lemethea's Armour Boutique.
  1735 | D:3      | Found an ancient bone altar of Kikubaaqudgha.
  1986 | D:2      | Identified the +5 dire flail of Nightmares {vorpal, Drain
                  | rElec rC+ Int+2}
  2091 | D:2      | Found a faded altar of an unknown god.
  2248 | D:3      | Found Ogovuit's Antique Armour Emporium.
  2394 | D:3      | Found a broken altar of Ashenzari.
  2398 | D:3      | Saw a vision of the Shoals and the Snake Pit.
  2398 | D:3      | Noticed a harpy
  2398 | D:3      | Noticed a water nymph
  2398 | D:3      | Noticed a black mamba
  2398 | D:3      | Noticed a naga mage
  2398 | D:3      | Noticed a naga mage
  2398 | D:3      | Noticed a naga mage
  2398 | D:3      | Noticed a black mamba
  2398 | D:3      | Noticed a manticore
  2399 | D:3      | Noticed a harpy
  2399 | D:3      | Noticed a manticore
  2707 | D:4      | Reached XP level 5. HP: 33/33 MP: 5/5
  2757 | D:4      | Reached skill level 1 in Translocations
  2780 | D:4      | Found a white marble altar of Elyvilon.
  3359 | D:4      | Reached XP level 6. HP: 38/38 MP: 6/6
  3359 | D:4      | Noticed a black bear
  3364 | D:4      | Killed a black bear
  3365 | D:4      | Reached skill level 5 in Armour
  3623 | D:5      | Entered Level 5 of the Dungeon
  3623 | D:5      | Noticed Sigmund
  3633 | D:4      | Slain by an ufetubus

Illustrated notes

Levels and vault maps discovered:
D:1:      lightli_arrival_chessboard, layout_basic, kennysheep_decorative_pillar
D:2:      layout_basic, dreamdust_ecumenical_altar_drowned_temple,
          minmay_misc_feat_square, minmay_lizard_king
D:3:      layout_loops_corners, nicolae_overflow_crystal_walls,
          general_overflow_altar, grunt_ashenzari_visionary
          [grunt_ashenzari_visionary_shoals, grunt_ashenzari_visionary_snake],
          serial_shops, shop, nicolae_shop_hallway_stairs,
          minmay_stone_trees_small
D:4:      layout_rooms, elyvilon_altar_3, glass_columns_a
D:5:      layout_basic, minmay_temple_entry_sparse_star,
          hangedman_abyss_or_decor_jellyfish_corner, uniq_menkaure, uniq_sigmund

Skill      XL: |  1  2  3  4  5  6 |
---------------+-------------------+-----
Axes           | 2 3 |  3.9
Armour         | 4 5 |  5.1
Translocations | 1 |  1.7
Fighting       | 4 |  4.0
Shields        | |  3.8

Action                   |  1- 3 |  4- 6 || total
-------------------------+-------+-------++-------
Melee: War axe           |   110 |   122 ||   232
  Use: Scroll            |       |     9 ||     9
Armor: Scale mail        |    47 |       ||    47
       Chain mail        |     9 |   129 ||   138
Dodge: Dodged            |    48 |    59 ||   107
Block: Buckler           |    15 |    26 ||    41

Table legend: (Time is in decaauts)
 A = Elapsed time spent in this place.
 B = Non-inter-level travel time spent in this place.
 C = Inter-level travel time spent in this place.
 D = Time resting spent in this place.
 E = Time spent auto-exploring this place.
 F = Levels seen in this place.
 G = Mean time per level.
                   A        B        C        D        E       F      G
               +--------+--------+--------+--------+--------+-----+--------+
         Total |   3735 |   3621 |    114 |    615 |   2253 |   5 |  747.0 |
       Dungeon |   3735 |   3621 |    114 |    615 |   2253 |   5 |  747.0 |
               +--------+--------+--------+--------+--------+-----+--------+

Top non-repeatable levels by time:
     D:1: 1160 daAuts
     D:3: 1007 daAuts
     D:4: 986 daAuts
     D:2: 576 daAuts
     D:5: 3 daAuts
